 Dungeon Crawl Stone Soup version 0.18.1-8-gdd0e5ea (webtiles) character file.

52 namelastname112 the Vexing (level 3, -1/29 HPs)
             Began as a Draconian Arcane Marksman on May 21, 2016.
             Slain by a worker ant (4 damage)
             ... on level 3 of the Dungeon.
             The game lasted 00:02:39 (1715 turns).

namelastname112 the Vexing (DrAM)                   Turns: 1715, Time: 00:02:39

Health: -1/29      AC:  5    Str: 13    XL:     3   Next: 60%
Magic:  4/4        EV: 12    Int: 13    God:
Gold:   143        SH:  0    Dex: 11    Spells: 1 memorised, 3 levels left

rFire  . . .     SeeInvis .     b - +0 dagger
rCold  . . .     Gourm    .     (armour unavailable)
rNeg   . . .     Faith    .     (no shield)
rPois  .         Spirit   .     (helmet restricted)
rElec  .         Dismiss  .     (no cloak)
rCorr  .         Reflect  .     (no gloves)
SustAt .         Harm     .     (no boots)
MR     .....                    (no amulet)
Stlth  +.........               (no ring)
                                (no ring)

@: lethally poisoned (-1 -> -18), flying, not resistant to hostile enchantments,
very unstealthy
A: unfitting armour, cold-blooded, AC +5
a: no special abilities


You were on level 3 of the Dungeon.
You were not hungry.

You visited 1 branch of the dungeon, and saw 3 of its levels.

You collected 143 gold pieces.

Inventory:

Hand Weapons
 b - a +0 dagger (weapon)
Missiles
 c - a throwing net (quivered)
 e - 5 javelins
 j - 8 tomahawks
Scrolls
 g - 2 scrolls of teleportation {unknown}
 k - a scroll of enchant weapon {unknown}
 l - 5 scrolls of identify {unknown}
 m - a scroll of fear {unknown}
 n - a scroll of remove curse {unknown}
Potions
 i - a potion of brilliance {unknown}
Books
 a - a book of Debilitation

   Spells                             Type                      Level
   a - Corona                         Hexes                        1
   b - Slow                           Hexes                        2
   c - Gell's Gravitas                Hexes/Translocation          3
   d - Inner Flame                    Hexes/Fire                   3
   e - Cause Fear                     Hexes                        4
   f - Leda's Liquefaction            Hexes/Earth                  4
Comestibles
 d - 3 bread rations
 h - 8 fruits


   Skills:
 + Level 1.8 Fighting
 * Level 1.2 Short Blades
 + Level 2.2 Throwing
 + Level 2.2 Dodging
 * Level 1.3 Stealth
 - Level 1.0 Spellcasting
 - Level 2.6 Hexes


You had 3 spell levels left.
You knew the following spells:

 Your Spells              Type           Power        Failure   Level  Hunger
a - Corona                Hex            #......      12%         1    ##.....


Dungeon Overview and Level Annotations

Branches:
Dungeon (3/15)

Altars:
Nemelex Xobeh
Sif Muna


Innate Abilities, Weirdness & Mutations

Your plain brown scales are hard (AC +5).
Your body does not fit into most forms of armour.
You are cold-blooded and may be slowed by cold attacks.


Message History

You take 5 damage, and have 6/29 hp.
You are too injured to fight recklessly!
You are too injured to fight recklessly!
Drink which item? (? for menu, Esc to quit)
It was a potion of flight.
You feel very buoyant.
You fly up into the air.
* * * LOW HITPOINT WARNING * * *
You feel sick. The worker ant closely misses you.
You take 1 damage, and have 5/29 hp.
Drink which item? (? for menu, Esc to quit)
You can't drink that!
Throwing (i - inventory. (,) - cycle):
c - 2 throwing nets (quivered)
Press: ? - help, Shift-Dir - straight line, f - worker ant
Aim: a worker ant (lightly wounded)
You throw a throwing net.
The throwing net barely misses the worker ant.
* * * LOW HITPOINT WARNING * * *
You feel sick. The worker ant bites you.
You die...

.. #.# ... ##.##
### ##... ...
#...##.#####
.#####.#........#
.........<.<#...
#####@........#
#a...#.....#
#.#..#.....#
#.#..# ..#.#
#.#..# #.# #
#.#... .# #.#.##.
# ..#.# ##


You could see a worker ant.

Vanquished Creatures
  An adder (D:2)
  A dart slug (D:1)
  4 giant geckos (D:1)
  4 bats
  10 goblins
  4 hobgoblins
  3 kobolds (D:1)
  A quokka (D:2)
  A ball python (D:1)
  2 giant newts
  3 rats (D:1)
34 creatures vanquished.

Notes
Turn   | Place    | Note
--------------------------------------------------------------
     0 | D:1      | namelastname112 the Draconian Arcane Marksman began the quest for the Orb.
     0 | D:1      | Reached XP level 1. HP: 16/16 MP: 2/2
   119 | D:1      | Found a sparkling altar of Nemelex Xobeh.
   122 | D:1      | Reached XP level 2. HP: 23/23 MP: 3/3
   932 | D:1      | Reached skill level 1 in Stealth
   952 | D:1      | Reached XP level 3. HP: 22/28 MP: 4/4
  1204 | D:2      | Reached skill level 1 in Short Blades
  1508 | D:2      | Found a deep blue altar of Sif Muna.
  1715 | D:3      | Slain by a worker ant

Skill      XL: |  1  2  3 |
---------------+----------+-----
Throwing       | 2 |  2.2
Dodging        | 2 |  2.2
Stealth        | 1 |  1.3
Short Blades   | 1 |  1.2
Fighting       | |  1.8
Spellcasting   | |  1.0
Hexes          | |  2.6

Action                   || total
-------------------------++-------
Melee: Unarmed           ||    30
       Tailslap          ||    14
       Dagger            ||   139
Throw: Javelin           ||     7
       Throwing net      ||     1
  Use: Potion            ||     1
 Stab: Sleeping          ||     1
  Eat: Chunk             ||     3
Armor: Skin              ||    58
Dodge: Dodged            ||   123
